Cogmind - Beta 14 @@@ ROGUE MODE // 2024.08.31 @ 15:07:05 Player: Epsilon 11 Result: Destroyed by 8U-P2N(R) with Subdweller Laser Performance ------------- Evolutions (0) 0 Regions Visited (3) 600 Robots Destroyed (17) 85 Value Destroyed (374) 374 Prototype IDs (13) 260 Alien Tech Used (0) 0 Bonus (109) 109 TOTAL SCORE: 1428 Bonus ------- Follower Combat Kills 109 Cogmind --------- Core Integrity 0/250 Matter 274/300 Energy 105/200 System Corruption 0% Temperature Cool (6) Movement Rolling (175) Ox5 Location -10/Subcaves Parts ------- > --- POWER (1) -------- Subdweller Power Source > --- PROPULSION (2) --- Compact Wheel > --- UTILITY (2) ------ Huge Storage Unit Sensor Array > --- WEAPON (2) ------- Subdweller Laser Subdweller Machine Gun > --- INVENTORY (25) --- Subdweller Power Source Subdweller Power Source Improved Heat Sink Small Storage Unit Experimental Sensor Array Medium Laser Subdweller Laser Beam Cannon Powered Cannon Light Cannon Subdweller Shrapnel Launcher Mining Claw Shrapnel Trap Peak State ------------ > --- POWER ------------ Subdweller Power Source > --- PROPULSION ------- Makeshift Leg Compact Wheel > --- UTILITY ---------- Huge Storage Unit Sensor Array > --- WEAPON ----------- Subdweller Shrapnel Launcher Flamer > --- INVENTORY -------- Subdweller Power Source Improved Heat Sink Small Storage Unit Experimental Sensor Array Medium Laser Subdweller Laser Subdweller Laser Beam Cannon Powered Cannon Subdweller Machine Gun Light Cannon Mining Claw Shrapnel Trap [Rating: 17] Favorites ----------- Power Ion Engine Engine Ion Engine Propulsion Compact Wheel Leg Makeshift Leg Wheel Compact Wheel Utility Huge Storage Unit Device Sensor Array Storage Huge Storage Unit Protection Light Armor Plating Weapon Medium Laser Energy Gun Medium Laser Energy Cannon Beam Cannon Ballistic Gun Assault Rifle Ballistic Cannon Light Cannon Launcher Subdweller Shrapnel Launcher Special Weapon Flamer Slashing Weapon Mining Claw Build | -11 -10 -10 -10 ------- Run | Yrd Mat Min Sub Slots Evolved . | . . . . Power . | . . . . Propulsion . | . . . . Utility . | . . . . Weapon . | . . . . Parts Attached 27 | 6 . 5 16 Power 5 | 1 . 1 3 Engine 5 | 1 . 1 3 Core . | . . . . Reactor . | . . . . Propulsion 4 | 2 . . 2 Treads . | . . . . Leg 1 | . . . 1 Wheel 3 | 2 . . 1 Hover . | . . . . Flight . | . . . . Utility 5 | 1 . 3 1 Device 2 | . . 1 1 Storage 2 | 1 . 1 . Processor . | . . . . Hackware . | . . . . Protection 1 | . . 1 . Artifact . | . . . . Weapon 13 | 2 . 1 10 Energy Gun 5 | 1 . 1 3 Energy Cannon 1 | . . . 1 Ballistic Gun 2 | 1 . . 1 Ballistic Cannon 1 | . . . 1 Launcher 1 | . . . 1 Special Weapon 2 | . . . 2 Impact Weapon . | . . . . Slashing Weapon 1 | . . . 1 Piercing Weapon . | . . . . Special Melee Weapon . | . . . . Unidentified Prototypes . | . . . . Parts Lost 10 | . . 2 8 Power 1 | . . . 1 Propulsion 3 | . . . 3 Utility 2 | . . 1 1 Weapon 4 | . . 1 3 Highest Loss Streak 6 | . . 1 6 To Critical Strikes . | . . . . Average Slot Usage (%) 97 | . 85 98 98 Engine 13 | . 14 13 13 Leg 4 | . . . 8 Wheel 22 | . 28 28 18 Device 7 | . . 7 9 Storage 14 | . 14 14 14 Protection 4 | . . 5 4 Energy Gun 18 | . 14 23 16 Energy Cannon 1 | . . . 2 Ballistic Gun 3 | . 14 4 . Launcher 3 | . . . 6 Slashing Weapon 1 | . . . 2 Peak Build Rating 17 | 6 6 8 17 Average Rating 9 | 4 6 7 12 On Entrance 5 | . 6 6 8 Naked Turns . | . . . . Heaviest Build 96 | 14 14 92 96 Greatest Support 32 | 32 32 32 32 Greatest Overweight (x) 5 | . . 2 5 Average Overweight (x) 1 | . . . 3 Largest Inventory Capacity 25 | 8 8 25 25 Average Capacity 18 | 6 8 10 25 Most Carried 14 | 2 6 8 14 Average Carried 8 | . 4 6 9 Final Capacity 25 | 8 8 25 25 Final Carried 14 | 2 6 7 14 Class Distribution -------------------- 90% | Mutant 9% | Derelict-Mutant Dominant Class ---------------- Mutant | -10/Materials Mutant | -10/Mines Mutant | -10/Subcaves Resources | -11 -10 -10 -10 ----------- Run | Yrd Mat Min Sub Matter Collected 506 | 221 66 75 144 Remotely . | . . . . Salvage Created 402 | . 79 181 142 Parts 33 | . 9 5 19 Haulers Intercepted . | . . . . Recyclers Shooed . | . . . . Parts Field Recycled . | . . . . Retrieved Matter . | . . . . Parts Self-Destructed 23 | . . . 23 Prevented . | . . . . Kills | -11 -10 -10 -10 ------- Run | Yrd Mat Min Sub Combat Hostiles Destroyed 16 | . 3 5 8 Guns 11 | . 3 5 3 Cannons 2 | . . . 2 AOE 3 | . . . 3 Classes Destroyed 5 | . 3 . 2 Watcher 1 | . 1 . . Swarmer 9 | . 2 2 5 Grunt 5 | . 1 3 1 Sentry 1 | . . . 1 Subdweller 1 | . . . 1 Best Kill Streak 3 | . 2 2 3 Combat Bots Only 3 | . 2 2 3 Max Kills in Single Turn 3 | . 1 1 3 Gunslinging . | . . . . Exploded 3 | . . . 3 Melee . | . . . . Uniques/NPCs Destroyed . | . . . . Combat | -11 -10 -10 -10 -------- Run | Yrd Mat Min Sub Hostile Shots Fired 136 | . 8 47 81 Missed 46 | . 3 16 27 Damage Taken 1194 | . 36 406 752 Core 251 | . 15 80 156 Absorbed by Shields . | . . . . Core Remaining (%) 100 | 100 . . . Volleys Fired 55 | . 9 18 28 Largest 2 | . 2 2 2 Hottest 160 | . 70 100 160 Shots Fired 109 | . 18 36 55 Gun 97 | . 18 36 43 Cannon 4 | . . . 4 Launcher 1 | . . . 1 Special 7 | . . . 7 Kinetic 33 | . 9 10 14 Thermal 76 | . 9 26 41 Explosive . | . . . . Electromagnetic . | . . . . Robot Hit Streak 13 | . 2 6 13 Robot Miss Streak 5 | . 5 2 3 Penetration Max . | . . . . Secondary Targets . | . . . . Shots Hit Robots 72 | . 6 23 43 Core Hits 24 | . 5 9 10 Critical Kills . | . . . . Critical Parts Destroyed 1 | . . . 1 Critical Strikes 3 | . . . 3 Burn 2 | . . . 2 Destroy 1 | . . . 1 Melee Attacks 1 | . . . 1 Impact . | . . . . Slashing 1 | . . . 1 Piercing . | . . . . Sneak Attacks . | . . . . Combat Hostiles . | . . . . Follow-up Attacks . | . . . . Damage Inflicted 1279 | . 76 311 892 Guns 986 | . 76 311 599 Cannons 54 | . . . 54 Explosions 176 | . . . 176 Melee . | . . . . Ramming . | . . . . Kinetic 520 | . 27 90 403 Thermal 759 | . 49 221 489 Explosive . | . . . . Electromagnetic . | . . . . Impact . | . . . . Slashing . | . . . . Piercing . | . . . . Highest Corruption . | . . . . Average Corruption . | . . . . Corruption Purged . | . . . . Corruption Blocked . | . . . . Overload Shots . | . . . . Overflow Damage . | . . . . Projectiles . | . . . . Explosions . | . . . . Melee . | . . . . Knockbacks . | . . . . Impact . | . . . . Kinetic . | . . . . Secondary . | . . . . Self-Inflicted Damage . | . . . . Shots . | . . . . Rammed . | . . . . Targets Rammed . | . . . . Kicked . | . . . . Crushed . | . . . . Highest Temperature 274 | . 54 274 99 Average Temperature 60 | . 23 94 42 Received Heat Transfer 402 | . . 165 237 Siege Activations . | . . . . Robots Corrupted . | . . . . Combat Hostiles . | . . . . Parts Fried . | . . . . Impact Corruptions . | . . . . Robots Melted . | . . . . Combat Hostiles . | . . . . Parts Melted 1 | . . 1 . Heat Transferred 2186 | . 148 629 1409 Parts Sabotaged . | . . . . Parts Stolen . | . . . . Parts Stripped . | . . . . Power Chain Reactions . | . . . . Alert | -11 -10 -10 -10 ------- Run | Yrd Mat Min Sub Peak Influence 215 | . 143 215 . Initial 55 | . . 55 . Average 76 | . 67 84 . Maximum Alert Level 1 | . . 1 . Low Security (%) 99 | 100 100 99 . Level 1 . | . . . . Level 2 . | . . . . Level 3 . | . . . . Level 4 . | . . . . Level 5 . | . . . . High Security . | . . . . Max Security . | . . . . Squads Dispatched . | . . . . Investigation . | . . . . Extermination . | . . . . Reinforcement . | . . . . Assault . | . . . . Garrison . | . . . . Intercept . | . . . . Searches Triggered . | . . . . Construction Impeded . | . . . . Haulers Reinforced . | . . . . Active Scanning Responses . | . . . . Cargo Convoy Interrupts . | . . . . Stealth | -11 -10 -10 -10 --------- Run | Yrd Mat Min Sub Distress Signals 1 | . 1 . . Communications Jammed . | . . . . Distress Signals . | . . . . Times Spotted 30 | . 7 10 13 Peak Tracking Total 5 | . 3 3 5 Tactical Retreats 5 | . 1 1 3 Traps | -11 -10 -10 -10 ------- Run | Yrd Mat Min Sub Traps Triggered . | . . . . Indirectly . | . . . . Trap Hack Attempts . | . . . . Triggered . | . . . . Disarmed . | . . . . Reprogrammed . | . . . . Reused 5 | . . 5 . Traps Extracted . | . . . . Installed 5 | . . 5 . Triggered 5 | . . 5 . Most Traps Carried 3 | . . 3 1 Machines | -11 -10 -10 -10 ---------- Run | Yrd Mat Min Sub Machines Disabled 2 | . . . 2 Max in Single Turn 1 | . . . 1 Machines Repaired . | . . . . Machines Dismantled . | . . . . Machines Sabotaged . | . . . . Overloaded Fab Kills . | . . . . Hacking | -11 -10 -10 -10 --------- Run | Yrd Mat Min Sub Machines Accessed 7 | . 5 . 2 Terminals 5 | . 5 . . Fabricators . | . . . . Repair Stations . | . . . . Recycling Units . | . . . . Scanalyzers . | . . . . Garrison Access . | . . . . Total Hacks 33 | . 29 . 4 Successful 20 | . 16 . 4 Failed 13 | . 13 . . Catastrophic . | . . . . Database Lockouts . | . . . . Manual 13 | . 13 . . Terminals 29 | . 29 . . Fabricators . | . . . . Repair Stations . | . . . . Recycling Units . | . . . . Scanalyzers . | . . . . Garrison Access . | . . . . Terminal Hacks 15 | . 11 . 4 Record 3 | . . . 3 Robot Analysis 3 | . 3 . . Prototype ID Bank 1 | . 1 . . Level Access Points 1 | . 1 . . Branch Access Points 1 | . 1 . . Locate Traps 2 | . 2 . . Dispatch Records 1 | . 1 . . Hauler Manifests 1 | . 1 . . Zone Layout 1 | . 1 . . Derelict Proto ID Bank 1 | . . . 1 Fabricator Hacks . | . . . . Repair Station Hacks . | . . . . Recycling Unit Hacks . | . . . . Scanalyzer . | . . . . Garrison Access Hacks . | . . . . Unauthorized Hacks 5 | . 5 . . Terminals 5 | . 5 . . Botnet 5 | . 5 . . Fabricators . | . . . . Repair Stations . | . . . . Recycling Units . | . . . . Scanalyzers . | . . . . Garrison Access . | . . . . Data Cores Recovered . | . . . . Used . | . . . . Hacking Detections 5 | . 5 . . Full Trace Events . | . . . . Feedback Events . | . . . . Feedback Blocked . | . . . . Robot Schematics Acquired . | . . . . Robots Built . | . . . . Authchips . | . . . . Time . | . . . . Total Robot Build Rating . | . . . . Part Schematics Acquired . | . . . . Parts Built . | . . . . Authchips . | . . . . Time . | . . . . Total Part Build Rating . | . . . . Parts Repaired . | . . . . Time . | . . . . Parts Recycled . | . . . . Recycled Matter . | . . . . Retrieved Matter . | . . . . Retrieved Components . | . . . . Parts Scanalyzed . | . . . . Part Schematics Acquired . | . . . . Parts Damaged . | . . . . Bothacking | -11 -10 -10 -10 ------------ Run | Yrd Mat Min Sub Used RIF Installer . | . . . . Robots Hacked . | . . . . Non-combat . | . . . . Combat . | . . . . Robot Hacks Applied . | . . . . Relay Couplers Released . | . . . . Fabnet Peak Effective % . | . . . . Robots Rewired . | . . . . Allies Hacked . | . . . . Hacks Repelled . | . . . . Allies | -11 -10 -10 -10 -------- Run | Yrd Mat Min Sub Total Allies 2 | . . 2 . Largest Group 2 | . . 2 2 Highest-Rated Group 45 | . . 45 45 Highest-Rated Ally 31 | . . 31 31 Total Orders . | . . . . Ally Attacks 17 | . . 5 12 Total Damage 271 | . . 64 207 Kills 5 | . . 1 4 Allies Corrupted . | . . . . Allies Melted . | . . . . Intel | -11 -10 -10 -10 ------- Run | Yrd Mat Min Sub Robot Analysis Total 3 | . 3 . . Derelict Logs Recovered 1 | . . 1 . Drone Launches . | . . . . Drone Recoveries . | . . . . Exploration | -11 -10 -10 -10 ------------- Run | Yrd Mat Min Sub Turns Passed 2199 | 45 247 651 1256 Spaces Moved 1501 | 35 213 530 723 Core 1 | 1 . . . Treads . | . . . . Legs . | . . . . Wheels 1500 | 34 213 530 723 Hover . | . . . . Flight . | . . . . Fastest Speed 50 | 50 100 100 130 Average Speed 127 | 98 100 103 155 Slowest Speed 175 | 100 100 130 175 Overloaded Moves . | . . . . Propulsion Burnouts . | . . . . Robots Hopped . | . . . . Cave-ins Triggered . | . . . . Exploration Rate (%) 49 | 3 41 97 56 Regions Visited 3 Branch Regions 2 Pre-discovered Areas 2 | . . 1 1 Known Exits Taken 1 | . 1 . . Unknown Exits Taken 2 | 1 . 1 . Scrap Searched 3 | . . 1 2 Spaces Dug . | . . . . Terrain Destroyed 11 | . . . 11 Melee . | . . . . Projectile . | . . . . AOE 11 | . . . 11 Terrain Rammed . | . . . . Walls Destroyed . | . . . . Machines Disabled . | . . . . Actions | -11 -10 -10 -10 --------- Run | Yrd Mat Min Sub Total 1662 | 42 229 601 790 Wait 36 | . 2 25 9 Move 1498 | 34 212 529 723 Hop . | . . . . Pick Up 30 | 2 5 11 12 Fast Attach 8 | 6 . . 2 Attach 10 | . . 4 6 Detach . | . . . . Swap 9 | . . 1 8 Drop 10 | . 1 8 1 Fire 55 | . 9 18 28 Melee 1 | . . . 1 Ram . | . . . . Kick . | . . . . Crush . | . . . . Escape Stasis . | . . . . Rewire . | . . . . Trap 5 | . . 5 . Miscellaneous . | . . . . Route ------- -11/Scrapyard -10/Materials (discovered 5 exits: Mat x3 / *Min x2) -10/Mines (discovered 3 exits: *Mat x2 / *Sub) -10/Subcaves (discovered 1 exit: [*Mat]) History --------- Turn | Location | Event 34 | -11/Scrapyard | Discovered new exit (range 12) 46 | -11/Scrapyard | Entered Materials 148 | -10/Materials | Identified exit to Mines 260 | -10/Materials | Identified exit to Materials 293 | -10/Materials | Entered Mines 318 | -10/Mines | Build established: Mutant 328 | -10/Mines | Found a hidden stash of uninstalled traps 390 | -10/Mines | Found a damaged Exp. Sensor Array with a note attached 393 | -10/Mines | Found Prototype Device 608 | -10/Mines | Learned location of Zion (-6) 624 | -10/Mines | Discovered exit to Materials (range 10) 792 | -10/Mines | Discovered exit to Materials (range 7) 932 | -10/Mines | Discovered new exit (range 5) 944 | -10/Mines | Entered Subcaves 944 | -10/Subcaves | Accompanied by 2 allies 949 | -10/Subcaves | Led the pair of lost Derelicts to an unsafe place 990 | -10/Subcaves | Shifting Twisted Machinery released Sub. Power Source 1008 | -10/Subcaves | Met a Zionite searching for "candidates" 1012 | -10/Subcaves | Shifting Twisted Machinery released Sub. Machine Gun 1014 | -10/Subcaves | Curiously followed by a Cobbler waking with a query about "LVR3C" 1409 | -10/Subcaves | Core integrity fell below 50% 1461 | -10/Subcaves | Lost 6 parts (1p2n1u2w) 1691 | -10/Subcaves | Visited Clippyterm 1696 | -10/Subcaves | Learned Research security intel 1696 | -10/Subcaves | Learned Research machine intel 1939 | -10/Subcaves | Visited 4L-MR0's lab 1962 | -10/Subcaves | Found Powered Cannon 2144 | -10/Subcaves | Discovered new exit (range 11) 2184 | -10/Subcaves | Core integrity fell below 20% 2200 | -10/Subcaves | Destroyed by 8U-P2N(R) with Subdweller Laser Last Messages --------------- Power Bank Rainbow Chip VL-GR5's Exoskeleton "Deathgrip" Powered Cannon 01949_ 4L-MR0 mumbles: "Who knows where that last prototype ended up, probably tossed aside somewhere as if it were useless junk..." 01955_ Testing Chamber breached. 01962_ Acquired Powered Cannon. 01989_ Acquired Shrapnel Trap. 02017_ Sub. Power Source shoots sparks and powers down. 02144_ EXIT=FOUND 02153_ Flamer destroyed. 02163_ EW-6SG(R) destroyed. 02171_ Acquired Sub. Power Source. 02172_ Acquired 36 matter. 02177_ Subatomizers dissect the Disposable Heat Sink. 02182_ 8U-P2N(R) affixes Scrap Shield Fragment to Scrap Shield. 02185_ Mak. Leg destroyed. 02190_ Subatomizers dissect the Disposable Heat Sink. 02192_ 8U-P2N(R) affixes Scrap Shield Fragment to Scrap Shield. Map ----- +----------------------------------------------------+ | ## #?????????????????????? ### ###???????? | | ######?????????????????????#########?###?????????? | | #????????????????????????????????????????????????? | | ?????????????????????????????????????????????????? | | ?????????????????????????????????????????????????? | | ?????????????????????????????????????????????????? | | ?????????????????????????????????????????????????? | | ?????????????????????????????????????????????????? | | ?????????????????????????????????????????????????? | | ?????????????????????????????????????????????????? | | ?????????????????????????????????????????????????? | | ?????????????????????????????????????????????????? | | ?????????????????????????????????????????????????? | | ?????????????????????????????????????????????????? | | ?????????????????????????????????????????????????? | | ??????????????????????#####??????????????????????? | | ??????????????###?##### ##?????????????????????? | | ?????????????## # # ######????????????????? | | ####?????????# ? # #????????????????? | | # ##????????# # # ?????????????????? | | #????????? # ??????????????????? | | #????????? #???????????????????? | | ##????????# " < #?? ????????????????? | | "##?????????? " ## #????????????????? | | " #???????????### #????????????????? | | "##?????????### ## @ $ # ??????????? | | "#??????????# ""## #???????????? | | ##?####?????# "## ##???????????? | | ### #####?# [ ## ####????????????? | | " ## ### "R!& ###??????????????????? | | ? O ##????????????????????? | | ## ### ### #?????????????????????? | | #### #?#### ##??# ????????????????????? | | #######??# #???# ##???? ??????????????????? | | ?????????## ##??? ##?????### ????????????????? | | ??????????####???####??????????###???????????????? | | ?????????????????????????????????????????????????? | | ?????????????????????????????????????????????????? | | ?????????????????????????????????????????????????? | | ?????????????????????????????????????????????????? | | ?????????????????????????????????????????????????? | | ?????????????????????????????????????????????????? | | ?????????????????????????????????????????????????? | | ?????????????????????????????????????????????????? | | ?????????????????????????????????????????????????? | | ?????????????????????????????????????????????????? | | ?????????????????????????????????????????????????? | | ?????????????????????????????????????????????????? | | ?????????????????????????????????????????????????? | | ?????????????????????????????????????????????????? | +----------------------------------------------------+ Best States ------------- Heat Dissipation 35 Energy Generation 15 Energy Capacity 250 Matter Stores 300 Matter Capacity 300 Sight Range 16 Robot Scan Range 14 Terrain Scan Density 10 Armor Coverage 150 Evasion (%) 40 Item Schematics ----------------- None Robot Schematics ------------------ None Fabricated ------------ Nothing Alien Tech Used ----------------- None Achievements -------------- None Challenges ------------ None Game ------ Seed CompositeVoltaicFrame Manual? 0 Play Time 00:28:36 Cumulative 147.1 hours Start 2024.08.31 @ 14:11:47 End 2024.08.31 @ 15:07:05 Sessions 2 Manual Loads 0 Difficulty Rogue Special Mode None Game No. 66 Rogue 23 Adventurer 43 Explorer 0 Win Type - Total 4 Types 2/0/1/0/0/0/0/1/0 Lore% 58 Gallery% 64 Achievement% 58 Wizard Run 0 Options --------- Layout 0 ASCII 0 Keyboard 0 Movement Mouse Keybinds 0 Fullscreen 1 Font 24/Smallcaps Map View 76x50 Zoom Use 0% Tactical HUD 1 Map Filters NONE Filters NONE Steam 1 RUN: d2e6d4e0-619e-48d3-8657-24a32994135a